 Dungeon Crawl Stone Soup version 0.23.1 (webtiles) character file.

Game seed: 6090804064950637945

72 dengdeng the Chopper (level 4, -7/41 HPs)
             Began as a Minotaur Berserker on Mar 8, 2019.
             Was a Believer of Trog.
             Mangled by an orc priest
             ... wielding a +4 falchion of holy wrath
              (10 damage)
             ... on level 3 of the Dungeon.
             The game lasted 00:04:26 (1820 turns).

dengdeng the Chopper (Minotaur Berserker)           Turns: 1820, Time: 00:04:28

Health: -7/41      AC:  5    Str: 23    XL:     4   Next: 6%
Magic:  3/3        EV: 13    Int:  4    God:    Trog [**....]
Gold:   36         SH:  0    Dex: 14    Spells: 3/3 levels left

rFire    . . .     SeeInvis .   a - +0 hand axe
rCold    . . .     Gourm    .   (no shield)
rNeg     . . .     Faith    .   b - +0 animal skin
rPois    .         Spirit   .   (helmet restricted)
rElec    .         Reflect  .   (no cloak)
rCorr    .         Harm     .   (no gloves)
MR       .....                  (no boots)
Stlth    +.........             q - amulet of inaccuracy (curse)
HPRegen  0.13/turn              e - +5 ring of dexterity
MPRegen  0.08/turn              j - +3 ring of protection

@: no status effects
A: retaliatory headbutt, horns 2
a: Berserk, Trog's Hand, Renounce Religion


You were on level 3 of the Dungeon.
You worshipped Trog.
Trog was pleased with you.
You were hungry.

You visited 1 branch of the dungeon, and saw 3 of its levels.

You collected 36 gold pieces.

Inventory:

Hand Weapons
 a - a +0 hand axe (weapon)
Missiles
 f - 110 stones (quivered)
Armour
 b - a +0 animal skin (worn)
Jewellery
 e - a +5 ring of dexterity (left hand)
 j - a +3 ring of protection (right hand)
 q - a cursed amulet of inaccuracy (around neck)
Scrolls
 k - a scroll of identify {unknown}
 m - a scroll of fog {unknown}
 n - a scroll of blinking {unknown}
 o - a scroll of fear {unknown}
 r - a scroll of remove curse {unknown}
 s - a scroll of teleportation {unknown}
Potions
 d - a potion of ambrosia {unknown}
 g - 2 potions of resistance {unknown}
 i - a potion of agility {unknown}
 l - 2 potions of heal wounds {unknown}
 p - a potion of might {unknown}
Comestibles
 c - 3 rations


   Skills:
 + Level 4.5 Fighting
 + Level 4.6 Axes
 + Level 0.4 Throwing
 * Level 2.7 Armour
 + Level 2.7 Dodging
 + Level 0.2 Stealth


You had 3 spell levels left.
You didn't know any spells.
Your spell library was empty.

Dungeon Overview and Level Annotations

Branches:
Dungeon (3/15)

Altars:


Innate Abilities, Weirdness & Mutations

You reflexively headbutt those who attack you in melee.
You have a pair of horns on your head.


Message History

The leopard gecko bites you.
You closely miss the orc priest. You headbutt the orc priest.
The orc priest is almost dead.
You barely miss the leopard gecko.
The orc priest invokes the aid of Beogh against you.
Beogh smites you! The leopard gecko closely misses you.
You barely miss the orc priest.
The orc priest is almost dead.
You closely miss the leopard gecko.
The orc priest mumbles some strange prayers to Beogh against you.
Pain shoots through your body!
* * * LOW HITPOINT WARNING * * *
The leopard gecko bites you but does no damage.
You completely miss the orc priest.
The orc priest is almost dead.
You hit the leopard gecko.
You kill the leopard gecko!
Trog accepts your kill.
The orc priest hits you with a +4 falchion of holy wrath!
You die...

#. #..#.#
#..#.# ####+##
#..#.# #.....#
#..#.###.....#
#..(...(.o@..#
#.....(..†...#
#.....)......#
#..((#.......#
#....#...##+##
#....###...#
##... '....#
#... ##......
##.. #...##.#


You could see an orc priest.

Vanquished Creatures
  A gnoll (D:1)
  2 adders (D:2)
  A dart slug (D:1)
  5 leopard geckos
  An orc (D:3)
  A ball python (D:3)
  A bat (D:2)
  5 giant cockroaches
  3 goblins (D:2)
  5 hobgoblins
  A frilled lizard (D:2)
  4 kobolds
  4 rats (D:2)
34 creatures vanquished.

Notes
Turn   | Place    | Note
-------+----------+-------------------------------------------
     0 | D:1      | dengdeng the Minotaur Berserker began the quest for the
                  | Orb.
     0 | D:1      | Reached XP level 1. HP: 19/19 MP: 0/0
    33 | D:1      | Reached XP level 2. HP: 14/27 MP: 1/1
   968 | D:2      | Reached XP level 3. HP: 33/33 MP: 2/2
  1340 | D:2      | Reached ** piety under Trog
  1800 | D:3      | Reached XP level 4. HP: 41/41 MP: 3/3
  1820 | D:3      | Mangled by an orc priest

Skill      XL: |  1  2 |
---------------+-------+-----
Axes           | 4 |  4.6
Fighting       | 4 |  4.5
Throwing       | |  0.4
Armour         | |  2.7
Dodging        | |  2.7
Stealth        | |  0.2

Action                   |  1- 3 |  4- 6 || total
-------------------------+-------+-------++-------
Melee: Hand axe          |    68 |    10 ||    78
       Headbutt          |    10 |     3 ||    13
Throw: Stone             |    20 |     7 ||    27
 Stab: Sleeping          |     1 |       ||     1
  Eat: Chunk             |     2 |       ||     2
Armor: Animal skin       |    16 |     3 ||    19
Dodge: Dodged            |    33 |     5 ||    38
